 Dungeon Crawl Stone Soup version 0.27.1-34-g3ba077fa99 (webtiles) character file.

Game seed: 5320737755824411931

214 FelixFigueroa the Shooter (level 5, -7/29 HPs)
             Began as a Deep Elf Hunter on Jan 6, 2022.
             Killed by divine providence
             ... invoked by an orc priest
              (9 damage)
             ... on level 4 of the Dungeon.
             The game lasted 00:09:47 (4828 turns).

FelixFigueroa the Shooter (Deep Elf Hunter)         Turns: 4828, Time: 00:09:47

Health: -7/29      AC:  3    Str:  9    XL:     5   Next: 60%
Magic:  7/7        EV: 13    Int: 17    God:
Gold:   75         SH:  0    Dex: 15    Spells: 4/4 levels left

rFire    + . .     SeeInvis .   b - +0 whip (venom)
rCold    . . .     Faith    .   (no shield)
rNeg     . . .     Spirit   .   e - +0 leather armour {rF+}
rPois    .         Reflect  .   (no helmet)
rElec    .         Harm     .   (no cloak)
rCorr    .         Rampage  .   (no gloves)
Will     .....                  (no boots)
Stlth    +.........             (no amulet)
HPRegen  0.09/turn              (no ring)
MPRegen  0.10/turn              (no ring)

@: confused
A: no striking features
a: no special abilities


You were on level 4 of the Dungeon.
You visited 1 branch of the dungeon, and saw 4 of its levels.

You collected 97 gold pieces.
You spent 22 gold pieces at shops.

Inventory:

Hand Weapons
 a - a +1 shortbow of venom
 b - a +0 whip of venom (weapon)
Missiles
 d - 18 arrows
Armour
 e - a +0 leather armour of fire resistance (worn)
 i - a +0 chain mail
Wands
 c - a wand of polymorph (5)
Scrolls
 f - a scroll of identify
Potions
 g - a potion of invisibility
 h - a potion of curing


   Skills:
 - Level 1.5 Fighting
 + Level 6.8 Bows
 + Level 4.5 Dodging
 + Level 4.2 Stealth


You had 4 spell levels left.
You didn't know any spells.
Your spell library was empty.

Dungeon Overview and Level Annotations

Branches:
Dungeon (4/15)
 Temple: D:4-7

Altars:
Kikubaaqudgha

Shops:
D:1 *

Annotations:
D:4 Blork the orc


Message History

Blork the orc closely misses you.
Blork the orc hits you with a +0 scimitar.
Aiming: Polymorph
Press: ? - help, Shift-Dir - straight line, f - Blork the orc
Aim: Blork the orc, wielding a +0 scimitar and wearing a +0 robe (lightly wounded, fast, will become an ice beast, an ogre, or a killer bee, chance to affect: 46%) Blork the orc evaporates and reforms as an ice beast!
Blork hits you but does no damage.
Aiming: Polymorph
Press: ? - help, Shift-Dir - straight line, f/p - Blork
Aim: Blork the ice beast (will become a tengu, an acid dragon, or a fire bat, chance to affect: 46%) Blork the ice beast evaporates and reforms as a tengu!
Aiming: Polymorph
Press: ? - help, Shift-Dir - straight line, f/p - Blork
Aim: Blork the tengu (will become a golden eye, a sky beast, or a wyvern, chance to affect: 46%) Blork resists with some effort.
Blork picks up a +0 scimitar.
Blork wields a +0 scimitar.
Aiming: Polymorph
Press: ? - help, Shift-Dir - straight line, f/p - Blork
Aim: Blork the tengu, wielding a +0 scimitar (will become a golden eye, a sky beast, or a wyvern, chance to affect: 46%) Blork resists with some effort.
Blork hits you with a +0 scimitar! Blork closely misses you. x2
Aiming: Polymorph
Press: ? - help, Shift-Dir - straight line, f/p - Blork
Aim: Blork the tengu, wielding a +0 scimitar (will become a golden eye, a sky beast, or a wyvern, chance to affect: 46%) Blork the tengu evaporates and reforms as a golden eye!
Blork blinks at you. You resist with almost no effort.
The orc priest invokes the aid of Beogh against you.
Beogh smites you!
* * * LOW HITPOINT WARNING * * *
Blork blinks at you.
You are confused.
You bump into the rock wall.
Unknown command.
Blork blinks at you. You resist with some effort.
Blork blinks!
Blork blinks!
The orc priest mumbles some strange prayers to Beogh against you.
Beogh smites you!
You die...

#....o..#...#
#.......#...#
#.......#...#
#.......#...#
#.......#...#######
.........o.........
###...#####o###.### #..##
#..o.....
######@############o###
...ยง.G...o.l)oo.......(.
####################.###
#... #.... #.### ... #.#
$#


You could see an iguana, an orc priest, Blork the golden eye and 2 orcs.

Vanquished Creatures
  An ogre (D:3)
  An iguana (D:3)
  3 adders
  An ufetubus (D:2)
  2 worms (D:2)
  3 dart slugs (D:2)
  2 orcs (D:3)
  8 ball pythons
  6 endoplasms
  A giant cockroach (D:3)
  6 hobgoblins
  5 kobolds
  3 quokkas
  5 bats
  2 frilled lizards (D:1)
  7 goblins
  4 rats
60 creatures vanquished.

Notes
Turn   | Place    | Note
-------+----------+-------------------------------------------
     0 | D:1      | FelixFigueroa the Deep Elf Hunter began the quest for the
                  | Orb.
     0 | D:1      | Reached XP level 1. HP: 12/12 MP: 3/3
   514 | D:1      | Reached XP level 2. HP: 6/16 MP: 4/4
  1579 | D:1      | Found Voxeotwu's General Store.
  1801 | D:2      | Reached XP level 3. HP: 19/20 MP: 5/5
  1964 | D:2      | Found an ancient bone altar of Kikubaaqudgha.
  2276 | D:2      | Reached skill level 6 in Bows
  2536 | D:2      | Reached XP level 4. HP: 17/25 MP: 6/6
  3192 | D:2      | Found a faded altar of an unknown god.
  3633 | D:1      | Bought a scroll of identify for 22 gold pieces
  3652 | D:3      | Noticed an ogre
  3665 | D:3      | Killed an ogre
  3666 | D:3      | Reached XP level 5. HP: 24/29 MP: 7/7
  4798 | D:4      | Noticed Blork the orc
  4819 | D:4      | Noticed Blork
  4819 | D:4      | Blork the orc changed into Blork the ice beast
  4820 | D:4      | Noticed Blork
  4820 | D:4      | Blork the ice beast changed into Blork the tengu
  4823 | D:4      | Noticed Blork
  4823 | D:4      | Blork the tengu changed into Blork the golden eye
  4828 | D:4      | Killed from afar by an orc priest

Illustrated notes

Levels and vault maps discovered:
D:1:      dpeg_arrival_arbitrary_c, layout_basic, serial_shops,
          nicolae_shop_window_shopping
D:2:      minmay_spotlight, layout_rooms, dilly_ecumenical_altar_fadedgnrine,
          basic_altar, st_stairs_2
D:3:      layout_loops_corners, minmay_misc_feat_rows, chequers_arboretum
D:4:      cheibrodos_pilgrimage, layout_basic, grunt_temple_overflow_bloody_war,
          nicolae_ossuary_entry_false_entrances, uniq_ijyb, uniq_blork_the_orc

Skill      XL: |  1  2  3  4 |
---------------+-------------+-----
Stealth        | 2 3 4 |  4.2
Dodging        | 3 4 |  4.5
Bows           | 6 |  6.8
Fighting       | |  1.5

Action                   |  1- 3 |  4- 6 || total
-------------------------+-------+-------++-------
Melee: Short sword       |    47 |       ||    47
       Whip              |    78 |    54 ||   132
 Fire: Shortbow          |    16 |     9 ||    25
Evoke: Wand              |       |     5 ||     5
  Use: Scroll            |       |     5 ||     5
 Stab: Sleeping          |     7 |     6 ||    13
Armor: Leather armour    |    51 |     9 ||    60
Dodge: Dodged            |    97 |    37 ||   134
